Map: Romanticide LE

Players

MaSa

  • Race: Terran Terran

Namshar - Winner!

  • Race: Zerg Zerg
  • League: Master

Event: DreamHack SC2 Masters 2021 Summer

VOD

Have the link to the VOD?

Description

Time

  • Played on: May 28, 2021, 5:51 p.m.
  • Length: 15:58

All games in this series

Show
View Real Time Build Order
Export as new Build Order

MaSa Terran 

Build Orders: Mech 

Get SALT Encoding   

  12  0:00  SCV  
  13  0:12  SCV  
  14  0:17  Supply Depot  
  14  0:24  SCV  
  15  0:38  SCV  
  15  0:40  Barracks  
  16  0:43  Refinery  
  16  0:50  SCV  
  17  1:03  SCV  
  18  1:15  SCV  
  19  1:26  Barracks Reactor  
  19  1:27  Orbital Command  
  19  1:41  Command Center  
  19  1:50  Supply Depot  
  19  1:52  SCV  
  20  2:02  Marine x2  
  20  2:04  SCV  
  23  2:13  Factory  
  23  2:15  Refinery  
  23  2:17  SCV  
  23  2:20  Marine  
  23  2:21  Marine  
  26  2:30  SCV  
  27  2:42  SCV  
  28  2:56  Orbital Command, SCV  
  29  3:02  Starport  
  29  3:08  SCV, Hellion x2  
  29  3:10  Marine  
  35  3:18  Supply Depot  
  35  3:20  SCV  
  35  3:22  SCV  
  37  3:27  Marine  
  37  3:29  Hellion  
  37  3:30  Hellion  
  37  3:33  SCV  
  43  3:38  Medivac  
  43  3:41  Armory  
  45  3:47  Supply Depot  
  45  3:49  SCV  
  45  3:54  SCV  
  47  3:57  Fusion Core  
  47  4:00  Hellion  
  47  4:01  Hellion  
  51  4:03  SCV  
  51  4:09  Starport Tech Lab, SCV  
  53  4:20  SCV  
  54  4:26  SCV, Command Center  
  55  4:31  Supply Depot  
  55  4:33  SCV  
  56  4:38  SCV  
  56  4:45  SCV  
  58  4:50  SCV  
  56  5:01  SCV  
  56  5:02  Battlecruiser  
  63  5:07  SCV  
  63  5:08  Hellion x2  
  63  5:10  Refinery  
  63  5:11  Refinery  
  63  5:13  SCV  
  61  5:19  SCV  
  56  5:25  SCV  
  54  5:29  Hellion  
  54  5:31  SCV, Factory  
  54  5:33  Factory  
  57  5:37  SCV  
  57  5:38  Orbital Command  
  58  5:43  SCV, Hellion  
  58  5:47  Weapon Refit  
  58  5:49  SCV  
  62  5:50  Hellion  
  62  5:55  SCV  
  65  5:58  Engineering Bay  
  65  6:01  SCV  
  65  6:02  Supply Depot  
  66  6:07  SCV  
  66  6:09  SCV  
  66  6:11  Battlecruiser  
  74  6:12  Hellion  
  74  6:13  SCV  
  77  6:22  SCV  
  77  6:23  Orbital Command  
  78  6:25  Factory Tech Lab  
  78  6:26  Factory Tech Lab  
  78  6:27  Terran Vehicle And Ship Armor Level 1  
  78  6:30  SCV  
  79  6:34  Hellion  
  79  6:35  Hellion  
  79  6:37  Refinery  
  83  6:40  Refinery, SCV  
  83  6:42  Command Center  
  83  6:44  SCV  
  85  6:49  Siege Tank  
  85  6:51  SCV  
  85  6:53  SCV  
  90  7:06  SCV  
  91  7:08  Factory  
  91  7:10  SCV  
  91  7:15  SCV  
  91  7:16  Hellion  
  91  7:19  Factory  
  91  7:20  Hellion  
  91  7:22  Supply Depot  
  93  7:25  Supply Depot  
  93  7:26  Missile Turret, Thor  
  93  7:28  Missile Turret  
  91  7:33  SCV x2  
  93  7:41  SCV  
  93  7:46  SCV  
  93  7:47  SCV  
  93  7:49  Hellion x2  
  92  8:02  Factory Reactor, Battlecruiser  
  92  8:03  SCV, Factory Tech Lab  
  92  8:04  SCV  
  100  8:08  Missile Turret  
  100  8:10  SCV  
  100  8:16  SCV  
  100  8:17  SCV, Hellion, Missile Turret  
  103  8:20  Siege Tank  
  103  8:21  Mag-Field Accelerator  
  103  8:22  SCV  
  103  8:26  Terran Vehicle And Ship Armor Level 2  
  107  8:28  SCV  
  107  8:29  SCV  
  109  8:34  Missile Turret  
  109  8:36  Armory  
  109  8:38  SCV  
  109  8:39  Hellion x2  
  109  8:40  Infernal Pre-Igniter  
  114  8:47  SCV  
  115  8:53  Hellion x2  
  115  8:54  Siege Tank  
  122  8:59  SCV  
  122  9:00  Sensor Tower, Missile Turret  
  122  9:01  Missile Turret  
  123  9:04  SCV  
  124  9:11  Hellion  
  124  9:12  Hellion  
  124  9:13  SCV  
  124  9:14  SCV  
  130  9:20  Missile Turret  
  130  9:21  Missile Turret  
  130  9:22  Supply Depot  
  130  9:23  Supply Depot x2  
  130  9:27  Planetary Fortress  
  130  9:29  Missile Turret  
  130  9:30  SCV x2  
  132  9:43  SCV, Battlecruiser  
  132  9:44  Thor  
  145  9:47  Supply Depot  
  145  9:49  Hellion  
  147  9:57  Thor  
  143  10:01  Thor  
  143  10:13  SCV  
  139  10:16  SCV x2  
  139  10:18  Hellion x2  
  143  10:23  SCV  
  143  10:24  Missile Turret  
  143  10:25  SCV  
  143  10:27  Thor  
  151  10:40  Refinery, Sensor Tower, Thor  
  151  10:42  Refinery  
  157  10:44  SCV, Thor  
  157  10:49  Supply Depot  
  164  10:57  SCV x3  
  155  11:03  SCV, Missile Turret x2  
  154  11:09  SCV x3  
  151  11:15  SCV  
  152  11:21  SCV  
  152  11:22  SCV x2  
  152  11:25  Hi-Sec Auto Tracking  
  155  11:27  SCV  
  155  11:28  Armory, Terran Vehicle Weapons Level 1  
  156  11:33  SCV  
  156  11:34  SCV x2  
  156  11:36  Thor  
  156  11:38  Widow Mine  
  156  11:39  Drilling Claws  
  168  11:40  SCV  
  168  11:45  SCV  
  166  11:48  SCV  
  146  11:56  SCV  
  146  11:57  SCV  
  139  12:05  Thor  
  141  12:11  Thor  
  141  12:13  SCV  
  140  12:19  Thor  
  145  12:27  Hellion x2  
  145  12:48  SCV x2  
  147  13:05  Widow Mine x2  
  127  13:15  Widow Mine  
  106  13:33  Widow Mine x3  
  106  13:34  Widow Mine x2  
  103  13:51  Widow Mine  
  103  13:54  SCV x2  
  97  14:06  SCV  
Show
View Real Time Build Order
Export as new Build Order

Namshar Zerg - Winner!

Build Orders: Hatch First, Muta Ling Bane 

Get SALT Encoding   

  12  0:00  Drone  
  13  0:11  Overlord  
  13  0:16  Drone  
  14  0:30  Drone x2  
  16  0:47  Hatchery  
  15  0:50  Drone  
  15  0:53  Drone  
  17  0:57  Drone  
  18  1:07  Extractor  
  17  1:13  Spawning Pool  
  17  1:16  Drone  
  17  1:19  Drone  
  18  1:27  Drone  
  19  1:38  Drone  
  20  1:48  Drone  
  21  1:59  Queen x2  
  21  2:00  Zergling x4  
  27  2:13  Hatchery  
  26  2:17  Overlord  
  26  2:21  Drone  
  27  2:23  Drone  
  28  2:36  Drone x3  
  31  2:44  Drone  
  31  2:46  Overlord  
  31  2:47  Metabolic Boost  
  32  2:51  Queen  
  34  2:59  Drone x2  
  36  3:09  Drone x5  
  41  3:13  Queen  
  41  3:17  Overlord  
  43  3:25  Drone x3  
  46  3:33  Queen  
  48  3:34  Overlord  
  48  3:43  Drone x6  
  48  3:46  Overlord  
  54  3:50  Zergling x2  
  55  3:57  Lair  
  55  3:58  Zergling x4  
  55  4:01  Queen  
  59  4:05  Drone x3  
  59  4:07  Drone  
  63  4:11  Zergling x2  
  63  4:12  Drone x2  
  63  4:15  Queen  
  67  4:22  Spine Crawler  
  66  4:25  Zergling x2  
  66  4:26  Drone x5  
  72  4:31  Overlord x2  
  72  4:35  Drone  
  73  4:45  Overlord  
  73  4:46  Overlord  
  73  4:49  Queen  
  71  5:10  Zergling x4  
  71  5:11  Drone x3  
  71  5:12  Drone x6  
  73  5:23  Drone x5  
  73  5:27  Extractor  
  73  5:28  Extractor x2, Queen, Spore Crawler  
  78  5:29  Extractor, Queen  
  78  5:31  Extractor  
  78  5:34  Drone x3, Spire  
  78  5:35  Spore Crawler  
  78  5:41  Drone  
  78  5:42  Drone x2  
  80  5:49  Hatchery  
  79  5:52  Overseer  
  79  5:53  Drone x3, Roach Warren, Baneling Nest  
  80  5:57  Spore Crawler  
  80  6:01  Drone x7  
  86  6:12  Overlord  
  86  6:13  Overlord  
  86  6:14  Drone  
  86  6:15  Overlord x2  
  86  6:17  Zergling x4  
  87  6:25  Drone x3, Spore Crawler  
  83  6:26  Drone  
  83  6:30  Spore Crawler  
  86  6:33  Drone x5  
  91  6:42  Evolution Chamber  
  91  6:43  Overlord  
  91  6:44  Evolution Chamber  
  89  6:48  Mutalisk x5  
  89  6:49  Extractor  
  98  6:54  Mutalisk x2  
  98  6:58  Zerg Flyer Weapons Level 1, Glial Reconstitution  
  102  7:03  Zergling x10  
  102  7:07  Baneling  
  102  7:08  Baneling x3  
  107  7:11  Queen x2  
  109  7:26  Drone x4  
  109  7:29  Drone  
  114  7:30  Drone x10  
  120  7:50  Drone x10  
  126  7:51  Zerg Ground Armor Level 1, Zerg Melee Weapons Level 1  
  126  7:53  Hatchery  
  125  8:00  Drone x3  
  125  8:02  Extractor  
  125  8:03  Drone x4  
  131  8:15  Drone x9  
  138  8:24  Extractor  
  137  8:30  Centrifical Hooks  
  137  8:33  Overlord x4  
  137  8:36  Mutalisk  
  137  8:37  Mutalisk x6  
  137  8:39  Overlord x2  
  137  8:40  Overlord x3  
  151  8:45  Hatchery  
  150  8:51  Mutalisk  
  150  8:52  Mutalisk x4  
  160  8:56  Extractor  
  155  9:05  Hatchery  
  155  9:06  Mutalisk x5  
  161  9:13  Drone  
  161  9:14  Drone x7  
  161  9:22  Drone  
  161  9:23  Drone x4  
  166  9:25  Zerg Flyer Weapons Level 2  
  166  9:27  Mutalisk  
  166  9:28  Mutalisk x2  
  172  9:44  Drone  
  172  9:45  Mutalisk x5  
  173  9:46  Infestation Pit  
  173  9:47  Extractor x2  
  180  9:53  Baneling x2  
  180  9:59  Mutalisk x4  
  181  10:12  Mutalisk x3  
  179  10:21  Mutalisk  
  179  10:22  Mutalisk x2  
  185  10:31  Drone x7  
  192  10:36  Spine Crawler  
  192  10:39  Spine Crawler  
  192  10:40  Spine Crawler  
  189  10:46  Zerg Ground Armor Level 2, Zerg Melee Weapons Level 2  
  189  10:48  Mutalisk  
  189  10:49  Mutalisk x2  
  191  10:59  Mutalisk x4  
  195  11:10  Mutalisk x3  
  199  11:17  Hive  
  197  11:19  Zergling x4  
  197  11:23  Pneumatized Carapace  
  199  11:32  Pathogen Glands  
  199  11:39  Spore Crawler  
  198  11:40  Spore Crawler  
  198  11:41  Drone x2, Zerg Flyer Armor Level 1  
  198  11:42  Spore Crawler x3  
  196  11:51  Mutalisk x2  
  198  11:55  Mutalisk  
  198  12:16  Baneling x9  
  198  12:17  Baneling  
  194  12:24  Mutalisk x5  
  194  12:29  Evolution Chamber  
  196  12:32  Drone x3  
  196  12:33  Drone x5  
  196  12:37  Infestor  
  191  12:48  Zergling x34  
  191  13:19  Hatchery, Baneling  
  186  13:20  Baneling x27  
  186  13:21  Zergling x22  
  190  13:29  Zergling x16  
  193  13:37  Zergling x8  
  193  13:38  Zergling x24  
  183  13:45  Hatchery, Zergling x8  
  180  13:50  Baneling x13  
  180  13:51  Baneling x7  
  177  14:02  Zergling x14  
  176  14:07  Baneling x16  
  171  14:19  Zergling x12  
  157  14:24  Zergling x4  
  157  14:30  Zergling x4  
  141  14:40  Baneling x4  
  141  14:46  Zergling x2  
  141  14:47  Zergling x2  
  141  14:52  Mutalisk  
  141  14:53  Mutalisk x8  
  157  15:02  Zergling x6  
  157  15:03  Zergling x2  
  157  15:04  Hatchery  
  158  15:08  Overseer  
  148  15:25  Zergling x16  
  148  15:26  Zergling x8  
  142  15:56  Spire  
  142  15:57  Ultralisk Cavern  
Tags
 
Add a new tag
Caveats
  • Supply blocks, unpowered buildings, or Contaminate may cause inaccurate times.
  • Supply counts are checked every 10 seconds.